Map: Central Protocol

Players

lesha

  • Race: Terran Terran

A.I. 1 (Elite) - Winner!

  • Race: Zerg Zerg

VOD

Have the link to the VOD?

Description

Time

  • Played on: Dec. 5, 2015, 8:39 a.m.
  • Length: 4:45
Show
View Real Time Build Order
Export as new Build Order

lesha Terran 

Build Orders:  

Get SALT Encoding   

  12  0:00  SCV  
  13  0:14  SCV  
  14  0:23  Supply Depot  
  14  0:26  SCV  
  15  0:44  SCV  
  15  0:46  Barracks  
  16  0:56  SCV  
  17  1:08  SCV  
  18  1:20  SCV  
  18  1:21  Command Center  
  19  1:33  Orbital Command  
  19  1:39  Refinery  
  19  1:41  Refinery  
  19  1:45  Marine  
  20  2:02  SCV  
  21  2:15  SCV  
  22  2:18  Marine  
  23  2:33  SCV  
  23  2:35  Factory  
  23  2:36  Marine  
  25  2:40  Bunker  
  25  2:44  Orbital Command  
  25  2:47  SCV  
  26  2:59  SCV  
  27  3:08  Marine  
  27  3:11  Supply Depot, SCV  
  29  3:16  SCV  
  30  3:22  Starport  
  30  3:23  Factory Tech Lab  
  30  3:24  SCV  
  31  3:28  SCV  
  31  3:31  Barracks  
  32  3:36  SCV, Marine  
  32  3:40  SCV  
  35  3:44  Supply Depot  
  35  3:48  SCV  
  36  3:52  SCV  
  36  3:53  Siege Tank  
  40  3:56  Barracks Tech Lab  
  40  3:59  Starport Reactor  
  40  4:04  Barracks  
Show
View Real Time Build Order
Export as new Build Order

A.I. 1 (Elite) Zerg - Winner!

Build Orders: Pool First 

Get SALT Encoding   

  12  0:00  Drone  
  13  0:12  Overlord  
  13  0:17  Drone  
  14  0:30  Drone  
  15  0:40  Drone, Spawning Pool  
  15  0:45  Drone  
  15  0:48  Drone  
  17  0:51  Extractor  
  17  0:55  Drone  
  17  1:06  Drone  
  18  1:16  Drone  
  19  1:27  Zergling x2  
  19  1:29  Queen  
  19  1:30  Roach Warren  
  21  1:38  Overlord  
  21  1:49  Drone  
  22  1:59  Overlord  
  22  2:10  Roach  
  24  2:21  Roach  
  26  2:29  Hatchery  
  25  2:31  Drone  
  25  2:36  Roach x2  
  30  2:41  Roach  
  32  2:47  Roach  
  34  2:53  Overlord  
  34  3:05  Roach  
  36  3:08  Roach  
  36  3:12  Roach  
  40  3:14  Roach  
  40  3:19  Roach  
  44  3:27  Roach  
  46  3:38  Overlord  
  46  3:41  Roach x2  
  50  3:44  Zergling x2  
  48  4:15  Zergling x2  
  49  4:18  Extractor  
  49  4:20  Extractor  
  49  4:22  Drone  
  48  4:25  Drone  
  48  4:28  Drone  
  50  4:32  Drone  
Tags
 
Add a new tag
Caveats
  • Supply blocks, unpowered buildings, or Contaminate may cause inaccurate times.
  • Supply counts are checked every 10 seconds.